[Event "53rd Mar Del Plata Open 2024"]
[Site "Mar Del Plata"]
[Date "2024.03.27"]
[Round "5.1"]
[White "Acosta, Pablo Ismael"]
[Black "Christiansen, Johan-Sebastian"]
[Result "0-1"]
[ECO "A25"]
[WhiteElo "2463"]
[BlackElo "2633"]
[Annotator "TA"]
[PlyCount "135"]
[EventDate "2024.03.23"]
[EventType "swiss"]
[EventCountry "ARG"]
[SourceTitle "playchess.com"]
[Source "ChessBase"]
[SourceQuality "1"]
[TimeControl "5400+30"]

1. c4 e5 2. g3 Nc6 3. Bg2 g6 4. Nc3 Bg7 5. d3 d6 6. e3 Nge7 7. Nge2 h5 8. h4 Bg4 9. b3 {[%emt 0:01:25] A25: English Opening vs King's Indian with ...Nc6 but without early d3.} Qd7 10. Bb2 a5 11. Qd2 O-O 12. Nd5 $146 ({Predecessor:} 12. Ne4 b6 13. Ng5 Qe8 14. O-O Rd8 15. Nc3 f6 16. Nf3 Qd7 17. d4 Bh3 18. Rad1 Bxg2 19. Kxg2 {½-½ Timofeev,A (2580)-Chigaev,M (2588) EU-ch Online 2300+ Final 2020 (4)}) 12... a4 13. O-O Nxd5 14. cxd5 Ne7 15. Rfc1 c6 16. dxc6 bxc6 17. bxa4 Bxe2 18. Qxe2 Rxa4 19. Qc2 Ra6 20. a4 Rfa8 21. Bc3 Nd5 22. Bd2 Bf6 23. a5 Bd8 24. Ra4 Kg7 25. Qa2 Nc7 26. f4 exf4 27. Rxf4 Ne6 28. Ra4 d5 29. e4 Bxa5 30. Rxa5 Qa7+ 31. Kh2 Rxa5 32. Bxa5 Qxa5 33. Qb2+ d4 34. Rxc6 Qa2 35. Qc2 Ra3 36. Qxa2 Rxa2 37. Kg1 $1 Rd2 38. Bf1 Kf6 39. Ra6 Rc2 40. Rd6 Ke7 41. Rd5 Rd2 42. Ra5 Rc2 43. Rd5 Rd2 44. Ra5 Kf6 45. Rd5 Kg7 46. Rd7 g5 47. Rd5 Kg6 48. Rf5 Rc2 49. hxg5 Nxg5 50. Rf2 Rxf2 51. Kxf2 Ne6 52. Be2 Kg5 53. Kf3 f6 54. Kg2 Nc5 55. Kf2 Na4 56. Kf3 Nc3 57. Bf1 Nd1 58. Bh3 Nb2 59. Ke2 Na4 60. Bd7 Nc5 61. Bf5 h4 62. gxh4+ Kxh4 63. Bc8 Kg3 64. Bf5 Na4 65. Bd7 Nc3+ 66. Kd2 Kf2 (66... Kf3 $5) 67. Be8 Ne2 68. Bc6 0-1

[Event "53rd Mar Del Plata Open 2024"]
[Site "Mar Del Plata"]
[Date "2024.03.27"]
[Round "5.2"]
[White "Marrujo Pardo, Mauricio Emmanuel"]
[Black "Flores, Diego"]
[Result "0-1"]
[ECO "B42"]
[WhiteElo "2337"]
[BlackElo "2530"]
[Annotator "TA"]
[PlyCount "98"]
[EventDate "2024.03.23"]
[EventType "swiss"]
[EventCountry "ARG"]
[SourceTitle "playchess.com"]
[Source "ChessBase"]
[SourceQuality "1"]
[TimeControl "5400+30"]

1. e4 c5 2. Nf3 e6 3. d4 cxd4 4. Nxd4 a6 5. c4 Nf6 6. Nc3 d6 7. Bd3 g6 8. O-O Bg7 9. Qa4+ $146 {[%emt 0:10:28] B42: Sizilianisch (Paulsen-Variante).} ({Predecessor:} 9. Be3 O-O 10. h3 b6 11. a4 Nfd7 12. Qd2 Bb7 13. Rfd1 Qc7 14. Rac1 Nc5 15. Bc2 Rd8 16. b4 Ncd7 17. Bb3 Nf6 18. Bg5 {1-0 Sadhwani,R (2627)-Vallejo Pons,F (2710) Krasnogorsk Blitz 2023 (15)}) 9... Nfd7 10. Ndb5 Nc5 11. Qa3 b6 12. e5 axb5 (12... Nxd3 $2 13. Nxd6+ (13. exd6 $2 O-O $19) 13... Kf8 14. Bg5 (14. Nxc8+ Nc5 $18) 14... Qxg5 15. Nxc8+ Nc5 16. Nxb6 $18) (12... dxe5 13. Be4 Bb7 14. Bxb7 $16 (14. Rd1 Qxd1+ 15. Nxd1 $17)) (12... Bxe5 $19) 13. Qxa8 $17 Bb7 14. Qa3 {[%emt 0:01:20] [#]} (14. Qa7 $2 Nc6 $19 (14... dxe5 $2 15. cxb5 Nbd7 16. Be3 $18) (14... dxe5 $2 15. cxb5 Nbd7 16. Be3 $18)) 14... b4 $1 (14... Nxd3 $2 15. Nxb5 (15. Qxd6 $2 Qxd6 16. exd6 bxc4 $19) 15... O-O 16. Qxd3 $18) 15. Qxb4 O-O $2 ({Günstiger ist} 15... Nxd3 $17 16. Qxd6 Qxd6 (16... Nxe5 17. Nb5 $11) (16... Bxe5 $2 17. Qxd8+ Kxd8 18. Rd1 $18) 17. exd6 Ne5) 16. Be2 $11 Nc6 17. Qa3 Nd4 18. Bd1 Qh4 19. Ne2 (19. exd6 $11 Nf5 20. d7) 19... Qe4 $17 20. Nf4 dxe5 ({Natürlich nicht} 20... Qxe5 21. Qb4 $11) (20... Bxe5 {scheint wilder zu sein.} 21. Qe3 Qc6 22. Qh3 b5) 21. f3 Qc6 22. Ne2 $1 Ra8 (22... e4 $15 23. Nxd4 Bxd4+ 24. Kh1 (24. Be3 Ra8 $19) 24... Ra8) 23. Qe3 (23. Nxd4 $1 $11 {war der einzige Weg, das Gleichgewicht zu halten.} exd4 24. Qb4) 23... Nf5 $17 24. Qd2 e4 25. Ng3 Qc7 ({Vorzuziehen ist} 25... Bd4+ $17 26. Kh1 Nxg3+ 27. hxg3 e5) 26. Nxf5 $1 $15 exf5 27. Qc2 (27. Kh1 $142) 27... Nd3 (27... Be5 $142 28. g3 Bd4+ 29. Kh1 Nd3) 28. Kh1 $17 Re8 29. Be2 (29. fxe4 $1 $15 Bxe4 30. Bf3) 29... Nc5 (29... exf3 $17 30. Bxf3 Ne1) 30. Rb1 {[%emt 0:00:30] [#]} (30. Bd2 $1 $11 {hält das Gleichgewicht.}) 30... Ne6 $1 $17 31. Be3 f4 32. Bd2 Nd4 33. Qd1 exf3 (33... Qc8 $19 {Und jetzt ...Nxe2 wäre schön.} 34. fxe4 Bxe4) 34. Bxf3 $15 Nxf3 35. gxf3 Qxc4 36. Bc3 Bxc3 37. bxc3 b5 (37... Qxa2 38. Rxb6 Bd5 39. Rd6) 38. Qd4 Qxa2 39. Qxf4 Qe2 40. Kg1 Bd5 41. Rf2 Qd3 42. Rc1 h5 43. Qd4 Qf5 44. Rcf1 Bc4 45. Ra1 Kh7 46. Rd1 Re5 47. Kh1 $2 (47. Qd2 $15) 47... Rd5 $19 48. Qxd5 Bxd5 49. Rdf1 Qg4 0-1

[Event "53rd Mar Del Plata Open 2024"]
[Site "Mar Del Plata"]
[Date "2024.03.27"]
[Round "5.3"]
[White "Tristan, Leonardo"]
[Black "Acosta, Franco Emanuel"]
[Result "1-0"]
[ECO "D22"]
[WhiteElo "2521"]
[BlackElo "2115"]
[Annotator "TA"]
[PlyCount "51"]
[EventDate "2024.03.23"]
[EventType "swiss"]
[EventCountry "ARG"]
[SourceTitle "playchess.com"]
[Source "ChessBase"]
[SourceQuality "1"]
[TimeControl "5400+30"]

1. d4 d5 2. c4 dxc4 3. Nf3 Nf6 4. e3 Bg4 5. Bxc4 e6 6. Nc3 a6 7. h3 Bh5 8. g4 Bg6 9. Ne5 Nbd7 10. Nxg6 hxg6 11. Bf1 c5 12. d5 exd5 13. g5 Ne4 {[%emt 0:11:45] White has an edge.} 14. Qxd5 Nxg5 15. Qxb7 Be7 (15... Rb8 $1 $11 16. Qd5 Be7) 16. Bg2 $16 {[%emt 0:05:25] White is more active.} (16. Bxa6 Rb8 17. Qc6 Bf6 $15 (17... Nxh3 $2 {loses.} 18. Bf1 $18)) 16... Rb8 17. Qxa6 Ne5 $2 {[%emt 0:03:58] [#] This move loses the game for Black.} (17... Rb6 $14 18. Qa8 Rb8) 18. Ke2 $1 $18 c4 $2 (18... Ne6 {was necessary.} 19. Rd1 Qb6 20. Qxb6 Rxb6) 19. Rd1 Nd3 {[%emt 0:00:41] White is clearly winning.} 20. Qxc4 Nxc1+ 21. Raxc1 Rxb2+ (21... Qc8 $142 22. Qxc8+ Rxc8) 22. Kf1 Qb8 23. Qc6+ Kf8 24. Na4 {[%emt 0:00:33] [#] Hoping for Qc8+.} Kg8 25. Nxb2 Qxb2 26. Rb1 {[%emt 0:00:36] Weighted Error Value: White=0.07 (flawless) /Black=0.51.  Loses game:     	---       	Black=1      Mistake:       	---       	Black=3      Inaccurate:     	White=2     	---        OK:         	White=2     	Black=7      Best:        	White=3     	---        Strong:       	White=1     	---} 1-0

[Event "53rd Mar Del Plata Open 2024"]
[Site "Mar Del Plata"]
[Date "2024.03.27"]
[Round "5.4"]
[White "Spata, German"]
[Black "Aranda, Juan Manuel"]
[Result "1-0"]
[ECO "A41"]
[WhiteElo "2421"]
[BlackElo "2102"]
[Annotator "TA"]
[PlyCount "139"]
[EventDate "2024.03.23"]
[EventType "swiss"]
[EventCountry "ARG"]
[SourceTitle "playchess.com"]
[Source "ChessBase"]
[SourceQuality "1"]
[TimeControl "5400+30"]

1. d4 d6 2. Nf3 g6 3. g3 Bg7 4. Bg2 Nc6 5. d5 Ne5 6. Nd4 {[%emt 0:01:13] A41: Moderne Verteidigung gegen 1.d4 (mit oder ohne späterem e2-e4 und Sf6).} Nh6 7. O-O O-O 8. h3 $146 ({Predecessor:} 8. Nc3 Bd7 9. a4 c5 10. Nb3 Qc8 11. Bg5 f6 12. Bc1 a6 13. a5 Nhf7 14. Na4 {½-½ Rottstaedt,W (2133)-Strozewski,F (2028) Ruhrgebiet Daehne Cup 2002 (1)}) 8... Nf5 9. Nb3 c5 10. dxc6 Nxc6 11. c3 a5 12. e4 a4 13. N3d2 Nh6 14. Na3 f5 15. exf5 Nxf5 16. Ndc4 Kh8 17. Qd3 Be6 18. Rd1 Rc8 19. Ne3 Qd7 20. Nd5 Ne5 21. Qe2 Rc5 22. Nc2 Bxd5 23. Rxd5 Rxd5 24. Bxd5 b5 25. Kh2 e6 26. Bg2 Nc4 27. b3 Nb6 28. Qd3 Qc7 29. Bd2 (29. Qxb5 $2 Qxc3 30. Qe2 Rc8 $19 (30... axb3 31. axb3 Be5 32. Bf4 $17) (30... Nd4 31. Nxd4 Qxa1 32. Nxe6 $17)) 29... d5 (29... Nd7 $11) 30. Re1 axb3 31. axb3 Nd7 32. Kg1 (32. Rxe6 Nc5 33. Qxd5 (33. Qxb5 $2 Nxe6 34. Qxd5 Bxc3 $19) (33. Bf4 $2 Qc8 $19) 33... Nxe6 34. Qxe6 Bxc3 $17) (32. Qxb5 $14 Rb8 (32... Bxc3 33. Bxc3+ Qxc3 34. Qxd7 $16) 33. Qd3) 32... Nc5 $1 $15 33. Qxb5 Rb8 $2 (33... Nd6 $1 $15 {bleibt weiter vorne.} 34. Qe2 (34. Qb4 $2 Rxf2 35. Be3 Nd3 $19) 34... Nde4 35. Bxe4 Nxe4) 34. Qe2 $16 Rxb3 {[%emt 0:00:58] [#]} 35. Bf4 (35. Bxd5 $1 $16 Rb2 36. Bxe6 (36. Bf4 Qb6 $11) 36... Nxg3 37. Qf3) 35... e5 (35... Qf7 $11 {bleibt in der Remisbreite.}) 36. Nb4 (36. Bxe5 $6 Bxe5 37. Qxe5+ Qxe5 38. Rxe5 Rxc3 $11) 36... Nd7 (36... Qd6 $16) 37. Nxd5 $18 Qb8 38. Bd2 Rb2 39. Rd1 h6 40. Ne3 Qb3 41. Nxf5 gxf5 42. Qe1 e4 $2 (42... Nf6 43. g4 Bf8) 43. Bc1 $18 Rb1 (43... e3 $142 44. Bxb2 (44. Rxd7 exf2+ $17) (44. fxe3 Rxg2+ 45. Kxg2 Qc2+ 46. Qd2 Qe4+ 47. Kg1 Qf3 $18) 44... exf2+ 45. Kxf2 Qxb2+ 46. Kg1 Ne5) 44. Rxd7 $18 Qc2 45. Rd1 Bxc3 {[%emt 0:00:11] [#]} 46. Qf1 $1 Kh7 47. Kh2 Bb2 48. Rd7+ Bg7 49. Rd1 Bb2 $1 50. Bxb2 $2 (50. Qa6 $18 {bietet bessere Gewinnchancen. Droht Matt per Rd7+.} Qxd1 51. Qxh6+ (51. Bxh6 $2 Qg1#) (51. Qb7+ Kg6 $11) 51... Kg8 52. Qe6+ Kg7 53. Bxb2+ Rxb2 54. Qe5+ (54. Qxf5 Qd4 $11) 54... Kg6 55. Qxb2) 50... Qxd1 $16 51. Qxd1 Rxd1 52. Ba3 Rd5 (52... h5 $16 {ist eine bessere Verteidigung.} 53. h4 Kg7) 53. Bc1 $18 Kg6 54. g4 Rd1 $2 (54... h5 $16 55. gxf5+ Kxf5) 55. gxf5+ $18 Kxf5 56. Bxh6 Re1 57. Be3 Ra1 58. Kg3 Ra8 59. h4 Rf8 60. Bh3+ Ke5 61. Bg4 Ra8 62. h5 Ra1 63. Kh4 Ra8 64. h6 Kf6 65. Bh5 Kf5 66. Bd4 Kf4 67. h7 Rd8 68. h8=Q Rxh8 69. Bxh8 e3 70. f3 1-0

[Event "53rd Mar Del Plata Open 2024"]
[Site "Mar Del Plata"]
[Date "2024.03.27"]
[Round "5.5"]
[White "Castro Salgado, Pablo"]
[Black "Villegas, Franco"]
[Result "0-1"]
[ECO "D37"]
[WhiteElo "2164"]
[BlackElo "2328"]
[Annotator "RC"]
[PlyCount "77"]
[EventDate "2024.03.23"]
[EventType "swiss"]
[EventCountry "ARG"]
[SourceTitle "playchess.com"]
[Source "ChessBase"]
[SourceQuality "1"]
[TimeControl "5400+30"]

1. d4 Nf6 2. c4 e6 3. Nf3 d5 4. Nc3 Nbd7 5. Bf4 c6 6. e3 Bb4 7. Nd2 O-O 8. Rc1 Qe7 9. Be2 e5 10. dxe5 Nxe5 11. O-O Rd8 12. Qc2 Ng6 13. Bd3 d4 14. Nce4 Bxd2 15. Nxd2 dxe3 16. Bxe3 Ng4 17. Bxg6 hxg6 18. Bf4 Bf5 19. Qc3 Rd3 20. Rce1 Qh4 21. Nf3 Rxc3 22. Nxh4 Rxc4 23. Nxf5 gxf5 24. Bd2 Nf6 25. Re7 b6 26. Rfe1 Rc2 27. Bc3 Nd5 28. Rb7 b5 29. h4 a5 30. Bd4 Nf4 31. Kf1 Rc4 32. Be5 Nd3 33. Re3 Rd8 34. g3 Rc2 35. Bc3 Nxf2 36. Ree7 Rd1+ 37. Be1 Ne4 38. Re8+ Kh7 39. Re6 0-1

[Event "53rd Mar Del Plata Open 2024"]
[Site "Mar Del Plata"]
[Date "2024.03.27"]
[Round "5.6"]
[White "Coro, Lucas"]
[Black "Pinus, Ruben"]
[Result "1-0"]
[ECO "A04"]
[WhiteElo "2316"]
[BlackElo "2072"]
[Annotator "RC"]
[PlyCount "79"]
[EventDate "2024.03.23"]
[EventType "swiss"]
[EventCountry "ARG"]
[SourceTitle "playchess.com"]
[Source "ChessBase"]
[SourceQuality "1"]
[TimeControl "5400+30"]

1. Nf3 c5 2. g3 Nc6 3. Bg2 g6 4. O-O Bg7 5. d3 d6 6. e4 e5 7. a3 Nge7 8. c3 O-O 9. b4 h6 10. Nbd2 Be6 11. Bb2 Rc8 12. Re1 b6 13. b5 Na5 14. c4 f5 15. exf5 gxf5 16. Nh4 Qd7 17. Bc3 f4 18. Bxa5 bxa5 19. Ne4 d5 20. cxd5 Bxd5 21. Rc1 fxg3 22. hxg3 Bxe4 23. Bxe4 Qd4 24. Qe2 Rf7 25. Qa2 Rcf8 26. Re2 Kh8 27. Kg2 Bf6 28. Nf3 Qd6 29. Qc4 Ng8 30. a4 Rc7 31. Rh1 Bg7 32. Nh4 Ne7 33. Qc1 c4 34. dxc4 Qd4 35. Nf3 Qxc4 36. Rxh6+ Kg8 37. Bh7+ Kf7 38. Rc2 Bxh6 39. Qxh6 Qe6 40. Ng5+ 1-0

[Event "53rd Mar Del Plata Open 2024"]
[Site "Mar Del Plata"]
[Date "2024.03.27"]
[Round "5.7"]
[White "Unhold, Valentin"]
[Black "Romero Barreto, Jaime Jose"]
[Result "0-1"]
[ECO "E92"]
[WhiteElo "2146"]
[BlackElo "2320"]
[Annotator "RC"]
[PlyCount "62"]
[EventDate "2024.03.23"]
[EventType "swiss"]
[EventCountry "ARG"]
[SourceTitle "playchess.com"]
[Source "ChessBase"]
[SourceQuality "1"]
[TimeControl "5400+30"]

1. d4 d6 2. Nf3 Nf6 3. c4 g6 4. Nc3 Bg7 5. e4 O-O 6. Be2 e5 7. Be3 Nc6 8. d5 Ne7 9. Nd2 Ne8 10. b4 f5 11. f3 Kh8 12. c5 a5 13. cxd6 Nxd6 14. b5 fxe4 15. Ndxe4 Ndf5 16. Bf2 Nd4 17. Bc4 b6 18. O-O Bb7 19. f4 Nxd5 20. fxe5 Nxc3 21. Nxc3 Qg5 22. Nd5 Nf3+ 23. Kh1 Nxh2 24. Kxh2 Bxe5+ 25. Kg1 Rad8 26. Be3 Qg3 27. Rf3 Rxf3 28. Qxf3 Qxf3 29. gxf3 Bxa1 30. Nxc7 Bd4 31. Nd5 Rxd5 0-1

[Event "53rd Mar Del Plata Open 2024"]
[Site "Mar Del Plata"]
[Date "2024.03.26"]
[Round "5.8"]
[White "Needleman, Alejandro"]
[Black "Espinoza Palomino, Willyam"]
[Result "1/2-1/2"]
[ECO "D13"]
[WhiteElo "2215"]
[BlackElo "2400"]
[Annotator "TA"]
[PlyCount "63"]
[EventDate "2024.03.23"]
[EventType "swiss"]
[EventCountry "ARG"]
[SourceTitle "playchess.com"]
[Source "ChessBase"]
[SourceQuality "1"]
[TimeControl "5400+30"]

1. d4 d5 2. Nf3 Nf6 3. c4 c6 4. cxd5 cxd5 5. Nc3 Nc6 6. g3 Bf5 7. Bg2 e6 8. O-O Bd6 9. Bf4 O-O 10. Bxd6 Qxd6 11. e3 h6 12. Qe2 Ne4 13. Rac1 Rfc8 14. Rfd1 Nxc3 15. Rxc3 Nb4 16. Rxc8+ Rxc8 17. a3 Nc6 18. Rc1 {[%emt 0:00:10] The position is equal.} Bg4 19. Qd2 Bxf3 20. Bxf3 Ne7 21. h4 Rxc1+ 22. Qxc1 $11 {[%emt 0:00:04][%mdl 4096] Endgame. KQB-KQN} Qc6 23. Qd2 b6 24. Bd1 Qb5 25. Bc2 Kf8 (25... Qxb2 $2 {too greedy.} 26. Bh7+ Kxh7 27. Qxb2 $18) 26. Bd3 Qc6 27. Kh2 Nc8 28. g4 Nd6 29. g5 hxg5 30. hxg5 Ke7 31. Kg1 Qc8 32. Kg2 {[%emt 0:39:56] Weighted Error Value: White=0.05 (flawless) /Black=0.04 (flawless) .  Inaccurate:     	---       	Black=1      OK:         	White=5     	Black=6} 1/2-1/2

[Event "53rd Mar Del Plata Open 2024"]
[Site "Mar Del Plata"]
[Date "2024.03.27"]
[Round "5.9"]
[White "Campos, Maria Jose"]
[Black "Kiselev, Vitalii"]
[Result "0-1"]
[ECO "A13"]
[WhiteElo "2224"]
[BlackElo "2519"]
[Annotator "TA"]
[PlyCount "97"]
[EventDate "2024.03.23"]
[EventType "swiss"]
[EventCountry "ARG"]
[SourceTitle "playchess.com"]
[Source "ChessBase"]
[SourceQuality "1"]
[TimeControl "5400+30"]

1. c4 e6 2. g3 d5 3. Nf3 g6 4. Bg2 Bg7 5. d4 Ne7 6. h4 dxc4 7. h5 Nbc6 8. h6 ({White should try} 8. Qa4 $11) 8... Bf6 9. Qa4 O-O 10. Nc3 Nxd4 11. Nxd4 Bxd4 (11... Qxd4 12. Be3 Qd7 13. Qxc4 $11) 12. Qxc4 {[%emt 0:00:26] [#]} e5 $1 13. Bg5 Be6 {[%emt 0:00:12] Prevents Nd5} 14. Qa4 f6 15. Bc1 c6 16. O-O Nf5 17. Ne4 Bd5 18. Qc2 Qe7 (18... Bxe4 19. Bxe4 Qc8 (19... Nxg3 $2 20. Qb3+ Kh8 21. Qxg3 $18) 20. e3 $11) (18... Bb6 $19 19. b4 Nd4) 19. Bd2 (19. a4 $17 {was called for.}) 19... Rad8 (19... Bxe4 20. Bxe4 Qe6 (20... Nxg3 $2 21. Qb3+ Kh8 22. Qxg3 $18) 21. Kh2 $11) 20. Rfd1 Bb6 {[%emt 0:02:49] And now ...Nd4 would win.} ({Stronger than} 20... Bxe4 21. Bxe4 Qe6 (21... Nxg3 $2 22. Qb3+ Kh8 23. Qxg3 $18) 22. Bg2 $11) 21. Qa4 Qe6 (21... Bxe4 22. Bxe4 Rd4 (22... Nxg3 $2 23. Qb3+ Kh8 24. Qxg3 $18) 23. Qb3+ Kh8 24. Bxf5 gxf5 25. Be3 $15) 22. Kf1 (22. Ba5 $17) 22... Rd7 $19 23. b4 $2 (23. Ba5) 23... Rfd8 {[%emt 0:00:38] White must now prevent ...Bxe4.} 24. Qc2 Nd6 (24... Nd4 $142 25. Qc3 Kh8 (25... Bxa2 $2 26. Rxa2 f5 27. Be1 $17)) 25. Nc5 Bxc5 26. bxc5 Nc4 27. Bb4 Bxg2+ 28. Kxg2 {[%emt 0:00:01] [#]} Rxd1 29. Rxd1 Rxd1 30. Qxd1 Qd5+ 31. Qxd5+ cxd5 {[%emt 0:00:02][%mdl 4096] Endgame. KB-KN} 32. Kf3 Kf7 33. e4 Ke6 34. g4 dxe4+ 35. Kxe4 f5+ 36. Kd3 (36. Kf3 {was worth a try.}) 36... Kd5 37. f3 a5 38. c6 e4+ (38... axb4 $2 39. cxb7 e4+ 40. fxe4+ fxe4+ 41. Ke2 $18) 39. fxe4+ fxe4+ 40. Kc2 Kxc6 (40... axb4 $2 {loses.} 41. cxb7 b3+ 42. axb3 Ne3+ 43. Kd2 Nxg4 44. b8=Q $18 (44. b8=B $2 Nxh6 45. Bh2 Nf5 $19)) 41. Be1 b5 42. Kc3 Kd5 43. Bf2 b4+ 44. Kb3 e3 45. Bg3 Kd4 {[%emt 0:00:14] aiming for ...Kd3.} 46. Ka4 e2 {[%emt 0:01:58] ...Kd3 would now be deadly.} 47. Kb5 Kc3 (47... g5 $142 48. Ka6 Ne5 49. Kxa5 Nd3 (49... Nxg4 $2 50. Kxb4 Nxh6 51. Kb5 $19)) 48. Be1+ Kb2 49. a4 {[%emt 0:01:32] White got outplayed after the opening.   Weighted Error Value: White=0.92/Black=0.15 (very precise) .  Mistake:       	White=5     	Black=2      Inaccurate:     	White=4     	Black=2      OK:         	White=3     	Black=16     Best:        	White=1     	---        Strong:       	---       	Black=1} 0-1

[Event "53rd Mar Del Plata Open 2024"]
[Site "Mar Del Plata"]
[Date "2024.03.27"]
[Round "5.10"]
[White "Felgaer, Ruben"]
[Black "Caruso, Tomas"]
[Result "1-0"]
[ECO "B47"]
[WhiteElo "2565"]
[BlackElo "2139"]
[Annotator "TA"]
[PlyCount "55"]
[EventDate "2024.03.23"]
[EventType "swiss"]
[EventCountry "ARG"]
[SourceTitle "playchess.com"]
[Source "ChessBase"]
[SourceQuality "1"]
[TimeControl "5400+30"]

1. e4 c5 2. Nf3 e6 3. d4 cxd4 4. Nxd4 Nc6 5. Nc3 Qc7 6. Be2 a6 7. O-O Nf6 8. Kh1 Nxd4 9. Qxd4 Bc5 10. Qd2 h6 {[%emt 0:12:18] Pariert Qg5.} 11. f4 {[%emt 0:01:28] Und jetzt e5 wäre schön.} d6 12. Qd3 {[%emt 0:04:27] Die Stellung ist ausgeglichen.} b5 (12... O-O $1 $11 {hält das Gleichgewicht.}) 13. Qg3 Rg8 ({Besser ist} 13... O-O $14) 14. e5 $18 Nd7 (14... Nd5 $16) 15. a4 b4 16. Ne4 {[%emt 0:06:11] Droht stark f5. Weiß steht aktiver.} d5 17. Nxc5 Nxc5 18. Bd3 ({Vorzuziehen ist} 18. c4) 18... Nxd3 $16 19. cxd3 Qc2 {[%emt 0:06:28] [#]} 20. f5 $1 exf5 21. Bxh6 (21. e6 $1 $16) 21... Qxb2 $2 {[%emt 0:03:05] [#] Das Aus für Schwarz.} (21... Be6 $1 $11) 22. Bg5 $1 $18 (22. Bxg7 Be6 23. Qh4 b3 $17) 22... Qd4 {[%emt 0:02:25] [#]} 23. e6 $1 fxe6 (23... Bxe6 $2 {verliert.} 24. Qd6 Qa7 25. Qc6+ (25. Qxb4 f6 $15) 25... Kf8 26. Be3 $18 (26. Qd6+ Ke8 $18)) 24. Rac1 $40 {[%emt 0:02:53][%cal Oc1c8][%mdl 128] Beabsichtigt Rxc8+! und Matt. Weiss riecht Blut.} Qb6 $2 (24... Qg4) 25. Be3 {[%emt 0:01:05] Weiss will mit Qg6+ Matt setzen.} d4 26. Qg6+ {[%emt 0:00:05] Weiß setzt Matt.} Ke7 27. Bg5+ Kd6 28. Rxf5 {[%emt 0:00:55] Gewichteter Fehlerwert: Weiß=0.16 (sehr präzise) /Schwarz=0.59.  Verlustzug:     	---       	Schwarz=1     Fehler:       	Weiß=2     	Schwarz=4     Ungenau:       	---       	Schwarz=1     OK:         	Weiß=4     	Schwarz=4     Bester:       	---       	Schwarz=3     Stark:        	Weiß=1     	---        Brilliant:      	Weiß=2     	---} 1-0

[Event "53rd Mar Del Plata Open 2024"]
[Site "Mar Del Plata"]
[Date "2024.03.28"]
[Round "6.1"]
[White "Christiansen, Johan-Sebastian"]
[Black "Flores, Diego"]
[Result "1-0"]
[ECO "B40"]
[WhiteElo "2633"]
[BlackElo "2530"]
[Annotator "TA"]
[PlyCount "75"]
[EventDate "2024.03.23"]
[EventType "swiss"]
[EventCountry "ARG"]
[SourceTitle "playchess.com"]
[Source "ChessBase"]
[SourceQuality "1"]
[TimeControl "5400+30"]

1. e4 c5 2. Nf3 e6 3. Nc3 a6 4. Be2 b5 5. O-O Bb7 6. d4 cxd4 7. Qxd4 Nc6 8. Qe3 {[%emt 0:00:06] The position is equal.} Qb8 9. Rd1 Nf6 10. a4 Nb4 (10... b4 $14 11. Nd5 exd5 12. exd5+ Ne7) 11. Qd2 $16 {[%emt 0:03:58] aiming for e5.} (11. axb5 Nxc2 12. Qd3 Nxa1 $17) 11... bxa4 (11... Nc6 $1 $14) 12. e5 $18 ({Not} 12. Nxa4 Bxe4 13. c4 Be7 $17) (12. Rxa4 $6 Bc6 $14) 12... Nfd5 13. Nxa4 {[%emt 0:08:24] c4 is the strong threat.} ({But not} 13. Rxa4 a5 $16) 13... Bc8 14. Nd4 Be7 {[%emt 0:07:31] [#]} 15. Bf3 $1 O-O 16. c4 Nc7 17. Bxa8 Nxa8 18. Qe2 Nb6 19. Nc3 Bb7 20. Bf4 Qa8 21. f3 Kh8 22. b3 f5 (22... Qb8 $142 23. Ne4 Kg8) 23. exf6 gxf6 24. Nf5 Rg8 25. Ng3 ({And not} 25. Nxe7 Bxf3 26. Nxg8 Bxe2 $14) 25... Bc6 26. Bd6 Bxd6 27. Rxd6 Nc8 28. Rd2 Ne7 29. Qe3 {[%emt 0:00:13] Black must now prevent Qc5.} Ng6 30. Nce4 {[%emt 0:03:04] White is clearly winning.} Qf8 31. Qc3 Ne5 32. f4 Ng4 33. Nd6 a5 34. Rxa5 Qb8 35. Rh5 Qa7+ 36. c5 Nd5 {[%emt 0:01:44] [#]} 37. Rhxd5 $1 Bxd5 38. h3 {[%emt 0:00:04] White took control after the opening.   Weighted Error Value: White=0.08 (flawless) /Black=0.33.  Mistake:       	---       	Black=3      Inaccurate:     	---       	Black=1      OK:         	White=19    	Black=11     Best:        	White=2     	Black=2} 1-0

[Event "53rd Mar Del Plata Open 2024"]
[Site "Mar Del Plata"]
[Date "2024.03.27"]
[Round "6.2"]
[White "Romero Barreto, Jaime Jose"]
[Black "Felgaer, Ruben"]
[Result "0-1"]
[ECO "B40"]
[WhiteElo "2320"]
[BlackElo "2565"]
[Annotator "TA"]
[PlyCount "40"]
[EventDate "2024.03.23"]
[EventType "swiss"]
[EventCountry "ARG"]
[SourceTitle "playchess.com"]
[Source "ChessBase"]
[SourceQuality "1"]
[TimeControl "5400+30"]

1. e4 c5 2. Nf3 e6 3. g3 Nc6 4. Bg2 Nf6 5. Qe2 e5 6. O-O Be7 7. c3 O-O 8. Na3 {[%emt 0:00:38] The position is equal.} Re8 9. d3 h6 10. Nc4 Bf8 11. Ne3 d5 12. Nh4 d4 13. Nd5 Nxd5 14. exd5 Ne7 15. c4 a5 16. Re1 g5 $36 {[%emt 0:00:00][%mdl 2048] Black has some pressure.} 17. Bxg5 {[%emt 0:00:00][%mdl 8192] Now White is beyond hope.} hxg5 $19 18. Qxe5 gxh4 {[%emt 0:00:00] Black is winning.} 19. d6 {[%emt 0:00:30] [#]} Ra6 $1 20. dxe7 Qxe7 {[%emt 0:02:30] Weighted Error Value: White=0.45/Black=0.03 (flawless) .  Loses game:     	White=1     	---        Inaccurate:     	White=1     	---        OK:         	White=3     	Black=5      Best:        	White=3     	---} 0-1